AoeStats
← xxzxg_Nono

Pilgrims

510212970Analyzed
4v4 RM · 2d ago on Sep 30, 2026· 24m 0s· 8 players
Game mode
Random Map
Map size
Large (8 player)
Population
200
Speed
Normal
Resources
Standard
Victory
Conquest
Starting age
Dark Age
Ending age
Imperial Age
RankedLock teamsTeams togetherTeam positionsShared explorationLock speedFull tech treeHidden civsTurbo modeCheats
Victory
Defeat
🇺🇸 Spanish · United States
1032
+13
🇺🇸 Vietnamese · United States
1024
+14
🇵🇪 Romans · Peru
1010
+14
🇪🇸 Italians · Spain
1002
+15
🇨🇳 Koreans · China
1033
-17
🇦🇷 Byzantines · Argentina
956
-28
🇨🇱 Malay · Chile
954
-13
🇧🇾 Armenians · Belarus
952
-13
Chexco9004
11:03 Feudal Age
11:55 Loom
13:02 Loom
16:14 Castle Age
14:34 Gold Mining
16:16 Scale Barding Armor
16:21 Forging
16:44 Bloodlines
17:28 Chain Barding Armor
23:16 Iron Casting
CovertSpy
11:15 Feudal Age
9:36 Loom
12:15 Double-Bit Axe
12:13 Horse Collar
12:33 Man-at-Arms
14:52 Forging
14:51 Arson
17:15 Bloodlines
20:15 Castle Age
19:50 Stone Mining
19:50 Gold Mining
19:50 Town Watch
Vanimal17
14:46 Feudal Age
13:04 Loom
14:54 Feudal Age
16:11 Double-Bit Axe
16:29 Gold Mining
19:49 Castle Age
18:13 Stone Mining
18:47 Fishing Lines
20:57 Gillnets
21:48 Medium Warships
jairo
12:55 Feudal Age
15:50 Loom
18:06 Castle Age
18:25 Horse Collar
18:30 Double-Bit Axe
Unfi
3:55 Loom
12:06 Feudal Age
12:57 Town Watch
12:34 Man-at-Arms
19:30 Castle Age
17:39 Double-Bit Axe
17:36 Horse Collar
19:02 Fletching
19:26 Long Swordsman
20:34 Medium Warships
xxzxg_Nono
6:40 Loom
10:34 Feudal Age
13:02 Fishing Lines
14:22 Double-Bit Axe
15:37 Gold Mining
21:40 Castle Age
20:07 Stone Mining
23:35 Bow Saw
23:58 Clinker Construction
ItsBocchi
13:34 Feudal Age
11:52 Loom
14:05 Double-Bit Axe
16:56 Gold Mining
19:06 Castle Age
17:06 Fishing Lines
19:44 Gillnets
20:46 Gold Shaft Mining
20:01 Stone Mining
24:25 Stone Shaft Mining
24:39 Wheelbarrow
gabrielflores2036
Connection lost

Rejoining the realm…

Still unreachable

The connection could not be restored.

Session expired

The server has moved on; the page needs a fresh start.